 Dungeon Crawl Stone Soup version 0.29.1-12-g30fa7ad0bf (webtiles) character file.

Game seed: 1903320414160211117

27 112233 the Grave Robber (level 3, 0/21 HPs)
             Began as an Octopode Necromancer on Dec 17, 2022.
             Was a Follower of Yredelemnul.
             Slain by an adder (3 damage)
             ... on level 2 of the Dungeon.
             The game lasted 00:01:00 (1605 turns).

112233 the Grave Robber (Octopode Necromancer)      Turns: 1605, Time: 00:01:01

Health: 0/21       AC:  1    Str:  7    XL:     3   Next: 10%
Magic:  6/6        EV: 13    Int: 19    God:    Yredelemnul [*.....]
Gold:   83         SH:  0    Dex: 12    Spells: 5/6 levels left

rFire   . . .      SeeInvis .   b - +2 dagger (venom)
rCold   . . .      Faith    .   (no shield)
rNeg    . . .      Spirit   .   (helmet restricted)
rPois   .          Reflect  .   (no amulet)
rElec   .          Harm     .   (no ring)
rCorr   .          Rampage  .   (no ring)
Will    .....                   (no ring)
Stlth   +++.......              (no ring)
HPRegen 0.07/turn               (no ring)
MPRegen 0.10/turn               (no ring)
                                (no ring)
                                (no ring)

@: no status effects
A: almost no armour, amphibious, 8 rings, camouflage 1, gelatinous body 1,
(nimble swimmer 1), tentacles
a: Renounce Religion, Recall Undead Harvest


You were on level 2 of the Dungeon.
You worshipped Yredelemnul.
Yredelemnul was noncommittal.
You visited 1 branch of the dungeon, and saw 2 of its levels.

You collected 83 gold pieces.

Inventory:

Hand Weapons
 b - a +2 dagger of venom (weapon)
Jewellery
 e - a ring of protection from cold
Scrolls
 d - a scroll of identify {unknown}
 f - a scroll of enchant armour {unknown}
 g - 2 scrolls of enchant weapon {unknown}
Potions
 a - a potion of magic
 c - a potion of resistance {unknown}


   Skills:
 + Level 2.5 Dodging
 - Level 3.0 Stealth
 + Level 2.4 Spellcasting
 + Level 4.3 Necromancy


You had 5 spell levels left.
You knew the following spells:

 Your Spells              Type           Power      Damage    Failure   Level
a - Necrotise             Necr           72%        1d7       2%          1

Your spell library contained the following spells:

 Spells                   Type           Power      Damage    Failure   Level
 Sublimation of Blood     Necr           18%        N/A       4%          2
 Vampiric Draining        Necr           18%        2d7       9%          3
 Agony                    Necr           18%        N/A       61%         5
 Petrify                  Tmut/Erth      2%         N/A       85%         4
 Irradiate                Conj/Tmut      1%         3d12      99%         5
 Animate Dead             Necr           Unusable   N/A       N/A         4

Dungeon Overview and Level Annotations

Branches:
Dungeon (2/15)

Altars:
Yredelemnul


Innate Abilities, Weirdness & Mutations

You cannot wear most types of armour.
You are amphibious.
You can wear up to eight rings at the same time.
Your skin changes colour to match your surroundings (Stealth+).
Your rubbery body absorbs attacks. (AC +1, EV +1)
((You are camouflaged when in or above water. (Stealth+)))
You have tentacles for arms and can constrict up to eight enemies at once.


Message History

The adder bites you but does no damage. The frilled lizard bites you.
You miss the adder. Your grab misses the adder. You squeeze the adder.
The adder is severely wounded.
The adder bites you.
You are poisoned.
The adder poisons you!
Your giant cockroach zombie bites the frilled lizard.
The frilled lizard bites your giant cockroach zombie.
You closely miss the adder. Your grab misses the adder.
The adder is severely wounded.
You feel sick. The adder closely misses you.
The frilled lizard bites your giant cockroach zombie.
Your giant cockroach zombie closely misses the frilled lizard.
You barely miss the frilled lizard. Your grab misses the frilled lizard.
The frilled lizard is heavily wounded.
You feel sick. The adder closely misses you.
Your giant cockroach zombie barely misses the frilled lizard.
The frilled lizard bites you.
There are monsters nearby!
There are monsters nearby!
There are monsters nearby!
You hit the frilled lizard.
You kill the frilled lizard!
You feel sick. The adder misses you. The adder bites you.
You swap places.
You feel sick. The adder bites you.
* * * LOW HITPOINT WARNING * * *
Your giant cockroach zombie completely misses the adder.
Unknown command.
Found a stone staircase leading up.
You feel sick. The adder bites you but does no damage.
Your frilled lizard zombie misses the adder.
Your giant cockroach zombie barely misses the adder.
You feel sick.
You are no longer poisoned.
Your rat zombie barely misses the adder.
The adder barely misses you.
Unknown command.
The adder bites you.
You die...
Your body rises from the dead as a mindless zombie.

##..####.# .........
#....... ###..##.##
#.#......# #
#######.##.#..$# .###
#...........Z..# .....
#.#.##......ZZZS.#.....#
#.#.##.##.####Z.@......#
#.#....##.#...........##
#.#.#...........##......
#...#.###.#.#.... ......
#...#.###.#....###.<....
#...#..Z....#... .....
#.Z.#Z###......## #.##.
#...#.#.......... .#
.Z.............#.


You could see an adder (ally target), a friendly frilled lizard zombie, a
friendly ball python zombie, a friendly rat zombie, a friendly giant cockroach
zombie and a friendly kobold zombie.

Vanquished Creatures
  An endoplasm (D:1)
  A giant cockroach (D:2)
  4 goblins
  3 hobgoblins (D:1)
  3 jackals (D:1)
  3 kobolds
  2 ball pythons
  A frilled lizard (D:2)
  2 rats
20 creatures vanquished.

Vanquished Creatures (collateral kills)
  A giant cockroach (D:1)
  A goblin (D:2)
  A ball python (D:1)
3 creatures vanquished.

Vanquished Creatures (others)
  2 bat zombies (D:1)
2 creatures vanquished.

Grand Total: 25 creatures vanquished

Notes
Turn   | Place    | Note
-------+----------+-------------------------------------------
     0 | D:1      | 112233 the Octopode Necromancer began the quest for the
                  | Orb.
     0 | D:1      | Reached XP level 1. HP: 11/11 MP: 3/3
   121 | D:1      | Found a faded altar of an unknown god.
   133 | D:1      | Prayed at the altar of an unknown god.
   133 | D:1      | Became a worshipper of Yredelemnul the Dark
   133 | D:1      | Reached * piety under Yredelemnul
   287 | D:1      | Reached XP level 2. HP: 5/17 MP: 5/5
  1108 | D:1      | Reached ** piety under Yredelemnul
  1233 | D:2      | Reached XP level 3. HP: 9/21 MP: 6/6
  1605 | D:2      | Slain by an adder

Illustrated notes

Levels and vault maps discovered:
D:1:      dpeg_arrival_simpleton_c, layout_basic,
          hellmonk_ecumenical_altar_zigzags
D:2:      layout_basic

Skill      XL: |  1 |
---------------+----+-----
Stealth        | 3 |  3.0
Dodging        | |  2.5
Spellcasting   | |  2.4
Necromancy     | |  4.3

Action                   || total
-------------------------++-------
Melee: Dagger            ||    34
       Tentacles         ||     7
       Constrict         ||     6
 Cast: Necrotise         ||     7
 Stab: Sleeping          ||     1
Armor: Skin              ||     3
Dodge: Dodged            ||    24
